 Dungeon Crawl Stone Soup version 0.30-a0-140-gd1020e658a (webtiles) character file.

Game seed: 126440569345605932

626 qw the Blocker (level 7, -1/41 HPs)
             Began as a Gargoyle Fighter on Sept 24, 2022.
             Killed by divine providence
             ... invoked by an orc priest
              (11 damage)
             ... on level 4 of the Dungeon.
             The game lasted 00:01:45 (4169 turns).

qw the Blocker (Gargoyle Fighter)                   Turns: 4169, Time: 00:01:45

Health: -1/41      AC: 22    Str: 22    XL:     7   Next: 47%
Magic:  7/7        EV:  3    Int:  8    God:
Gold:   132        SH: 14    Dex:  9    Spells: 6/6 levels left

rFire   . . .      SeeInvis .    Y - +0 war axe (chaos)
rCold   . . .      Faith    .    a - +0 tower shield
rNeg    + . .      Spirit   .    p - +0 plate armour
rPois   inf        Reflect  .    i - +0 helmet
rElec   +          Harm     .    (no cloak)
rCorr   .          Rampage  .    (no gloves)
Will    .....                    o - +0 pair of boots
Stlth   ..........               (no amulet)
HPRegen 0.13/turn                f - +4 ring of protection
MPRegen 0.10/turn                (no ring)

@: weakened
A: sickness immunity, AC +4, negative energy resistance 1, electricity
resistance, torment resistance 1, petrification resistance
a: no special abilities


You were on level 4 of the Dungeon.
You visited 1 branch of the dungeon, and saw 4 of its levels.

You collected 132 gold pieces.


Innate Abilities, Weirdness & Mutations

You are immune to sickness and miasma.
Your stone body is resilient. (AC +4)
You are immune to poison.
You resist negative energy. (rN+)
You are resistant to electric shocks. (rElec)
You are resistant to unholy torment.
You are immune to petrification.


   Skills:
 - Level 3.2 Fighting
 + Level 4.2 Axes
 - Level 3.2 Armour
 - Level 8.0 Shields


You had 6 spell levels left.
You didn't know any spells.
Your spell library was empty.

Inventory:

Hand Weapons
 j - a +0 flail
 Y - a +0 war axe of chaos (weapon)
Armour
 a - a +0 tower shield (worn)
 i - a +0 helmet (worn)
 o - a +0 pair of boots (worn)
 p - a +0 plate armour (worn)
Jewellery
 f - a +4 ring of protection (left hand)
Scrolls
 g - a scroll of identify
Potions
 b - a potion of lignification
 d - 4 potions of might
 e - a potion of cancellation {unknown}
 h - a potion of degeneration {unknown}
 k - a potion of heal wounds
 m - a potion of mutation {unknown}
 n - a potion of curing {unknown}
 q - a potion of attraction

Dungeon Overview and Level Annotations

Branches:
Dungeon (4/15)
 Temple: D:4-7

Altars:
Cheibriados
Yredelemnul

Shops:
D:2 (

Annotations:
D:3 1 runed translucent door
D:4 1 runed translucent door, Crazy Yiuf


Message History

The gnoll bouda picks up the pace!
The gnoll hits you with a +0 club.
You barely miss the gnoll.
The gnoll is heavily wounded.
You closely miss the orc priest. You completely miss something.
You closely miss the gnoll.
The sentinel's mark upon you fades away.
The gnoll hits you but does no damage. x2; The gnoll barely misses you.
Something hits you but does no damage. The gnoll hits you but does no damage.
The orc priest hits you but does no damage.
The gnoll hits you but does no damage.
You hit the gnoll.
The gnoll resists with some effort.
The gnoll is heavily wounded.
You miss the gnoll.
You hit the orc priest but do no damage.
You barely miss something. The gnoll completely misses you.
You hear some strange, mumbled words.
A magic dart appears from out of thin air!
The magic dart hits you! The gnoll hits you but does no damage.
An orc comes into view. It is wielding a +0 dagger.
The gnoll hits you but does no damage. The orc priest completely misses you.
The gnoll bouda gazes fiercely through you!
You feel as though you will be weak longer.
The gnoll hits you from afar with a +0 spear.
You hear some strange, mumbled words.
Something tries to affect you, but you resist.
You closely miss something. You barely miss the gnoll. You hit the gnoll.
The gnoll resists with some effort.
You hit the orc priest but do no damage.
The orc priest is poisoned.
You feel less confused. The gnoll hits you with a +0 club.
The gnoll barely misses you.
The orc priest hits you but does no damage.
The gnoll bouda barks out a call to the hunt!
The gnoll hits you from afar with a +0 spear.
Something hits you. You block the gnoll's attack. x2
The orc priest mumbles some strange prayers to Beogh against you.
Beogh smites you!
You die...

#.~~~... #.~~~...
##################' #.~~~...
.o...o)....)....... #.~~~...
......#....#)...... .~~~... .....
#....#....... # ##~~P..
#######''oo#############...#~~...
......ogggogg@g.....#...#~~...
~~~~~...gooogo{~~~~~~#####~~...
~~~~~....o~~~~~g~~~~~~~~~~~~...
~~~~~....~~~~~~~~~~~~~~~~~~~...
..........................P....
######....#########...##....##.
####)# #..##...##....##. #.#
#...'....).......
#.#####...#....#...####


You could see a gnoll sergeant (swift), 2 gnoll boudas, an orc priest (very
poisoned), 6 gnolls and 8 orcs.

Vanquished Creatures
  Duvessa (D:4)
  A phantom (D:4)
  A necrophage (D:3)
  Dowan (D:4)
  A jelly (D:4)
  A hound (D:4)
  6 adders
  8 gnolls
  3 worms
  4 dart slugs
  8 orcs
  8 ball pythons
  3 bats
  7 endoplasms
  11 giant cockroaches
  9 goblins
  7 hobgoblins
  13 jackals
  4 quokkas
  7 frilled lizards
  A jackal skeleton (D:3)
  5 kobolds
  A kobold skeleton (D:3)
  4 rats
115 creatures vanquished.

Vanquished Creatures (others)
  9 demonic plants (D:1)
  A fungus (D:1)
  A plant (D:1)
  2 withered plants (D:1)
13 creatures vanquished.

Grand Total: 128 creatures vanquished

Notes
Turn   | Place    | Note
-------+----------+-------------------------------------------
     0 | D:1      | qw the Gargoyle Fighter began the quest for the Orb.
     0 | D:1      | Reached XP level 1. HP: 14/14 MP: 1/1
     0 | D:1      | 0 ||| qw: Version: 0.1.0-9-gbc19398
     0 | D:1      | 0 ||| qw: Game counter: 4
     0 | D:1      | 0 ||| qw: Always use a shield: true
     0 | D:1      | 0 ||| qw: God list: Okawaru
     0 | D:1      | 0 ||| qw: Allow faded altars: false
     0 | D:1      | 0 ||| qw: Do Orc after D:15 true
     0 | D:1      | 0 ||| qw: Do second Lair branch before Depths: true
     0 | D:1      | 0 ||| qw: Lair rune preference: random
     0 | D:1      | 0 ||| qw: Plans: Normal, Zot:1-4, God:TSO, Crypt, Tomb,
                  | Pan, Slime:5, Hells, Abyss, Orb
     0 | D:1      | 0 ||| PLANNING D:1-11
   164 | D:1      | Reached XP level 2. HP: 7/19 MP: 2/2
   377 | D:1      | Found a faded altar of an unknown god.
   390 | D:1      | 390 ||| Stepping ~*~*~tactically~*~*~ (stealth).
   525 | D:1      | 525 ||| Stepping ~*~*~tactically~*~*~ (stealth).
   661 | D:1      | 661 ||| Stepping ~*~*~tactically~*~*~ (stealth).
   664 | D:1      | Reached skill level 3 in Axes
   678 | D:1      | Reached XP level 3. HP: 18/23 MP: 3/3
   804 | D:1      | 804 ||| Stepping ~*~*~tactically~*~*~ (stealth).
   805 | D:1      | 805 ||| Stepping ~*~*~tactically~*~*~ (stealth).
  1055 | D:1      | 1055 ||| UPGRADING to +0 pair of boots.
  1060 | D:1      | 1060 ||| READING 2 scrolls labelled XEUPOM QIRE.
  1061 | D:1      | 1061 ||| READING scroll labelled TOIWAY YCOEH.
  1062 | D:1      | 1062 ||| READING scroll labelled QOTZUE JYIMM.
  1063 | D:1      | 1063 ||| READING scroll labelled REC FUNAKACH.
  1064 | D:1      | 1064 ||| READING scroll labelled VELOF CIONAREKK.
  1119 | D:1      | 1119 ||| DRINKING 2 viscous coppery potions.
  1120 | D:1      | 1120 ||| DROPPING scroll of noise.
  1174 | D:2      | 1174 ||| Stepping ~*~*~tactically~*~*~ (hiding).
  1285 | D:2      | 1285 ||| Stepping ~*~*~tactically~*~*~ (stealth).
  1500 | D:2      | 1500 ||| UPGRADING to +0 tower shield.
  1510 | D:2      | 1510 ||| DROPPING +0 buckler.
  1631 | D:2      | 1631 ||| Stepping ~*~*~tactically~*~*~ (stealth).
  1634 | D:2      | 1634 ||| Stepping ~*~*~tactically~*~*~ (stealth).
  1643 | D:2      | Reached XP level 4. HP: 28/28 MP: 4/4
  1660 | D:2      | 1660 ||| DROPPING +0 club.
  1798 | D:2      | 1798 ||| Stepping ~*~*~tactically~*~*~ (stealth).
  1815 | D:2      | 1815 ||| Stepping ~*~*~tactically~*~*~ (stealth).
  1817 | D:2      | 1817 ||| Stepping ~*~*~tactically~*~*~ (hiding).
  1828 | D:2      | Reached skill level 4 in Shields
  1894 | D:2      | 1894 ||| Stepping ~*~*~tactically~*~*~ (stealth).
  1906 | D:2      | HP: 6/28 [gnoll/+0 spear (5)]
  1907 | D:2      | 1907 ||| DRINKING potion of heal wounds.
  1914 | D:2      | Reached XP level 5. HP: 32/32 MP: 5/5
  1919 | D:2      | Found Fock's Weapon Shop.
  1931 | D:2      | 1931 ||| SHOPLISTING +1 war axe of venom (134 gold, have
                  | 92).
  2196 | D:2      | Reached skill level 5 in Shields
  2360 | D:2      | 2360 ||| UPGRADING to +0 helmet.
  2365 | D:2      | 2365 ||| UPGRADING to +4 ring of protection.
  2552 | D:3      | 2552 ||| Stepping ~*~*~tactically~*~*~ (hiding).
  2721 | D:3      | 2721 ||| Stepping ~*~*~tactically~*~*~ (stealth).
  2736 | D:3      | 2736 ||| Stepping ~*~*~tactically~*~*~ (stealth).
  2760 | D:3      | Reached XP level 6. HP: 34/37 MP: 6/6
  2780 | D:3      | 2780 ||| Stepping ~*~*~tactically~*~*~ (stealth).
  2781 | D:3      | 2781 ||| Stepping ~*~*~tactically~*~*~ (stealth).
  2788 | D:3      | Reached skill level 6 in Shields
  2976 | D:3      | Found a runed translucent door.
  2976 | D:3      | Noticed a human
  2991 | D:3      | Found a basalt altar of Yredelemnul.
  3076 | D:3      | 3076 ||| UPGRADING to +0 plate armour.
  3086 | D:3      | 3086 ||| DROPPING +0 scale mail.
  3087 | D:3      | 3087 ||| READING 2 scrolls labelled MANWEYRYID.
  3088 | D:3      | 3088 ||| READING scroll labelled CAJUNO USESEUK.
  3089 | D:3      | 3089 ||| DRINKING 2 bubbling golden potions.
  3090 | D:3      | 3090 ||| DRINKING 2 metallic orange potions.
  3091 | D:3      | 3091 ||| DROPPING potion of flight.
  3092 | D:3      | 3092 ||| DROPPING scroll of immolation.
  3155 | D:4      | Noticed Dowan
  3156 | D:4      | Noticed Duvessa
  3171 | D:4      | Killed Duvessa
  3172 | D:4      | 3172 ||| Stepping ~*~*~tactically~*~*~ (hiding).
  3176 | D:4      | Killed Dowan
  3177 | D:4      | Reached skill level 7 in Shields
  3423 | D:4      | Found a snail-covered altar of Cheibriados.
  3481 | D:4      | 3481 ||| Stepping ~*~*~tactically~*~*~ (stealth).
  3509 | D:4      | 3509 ||| DROPPING +0 whip.
  3530 | D:4      | Reached XP level 7. HP: 39/41 MP: 7/7
  3662 | D:4      | 3662 ||| FLEEEEING.
  3666 | D:4      | 3666 ||| STAIRDANCE
  3723 | D:3      | 3723 ||| DRINKING 2 glowing red potions.
  3770 | D:4      | 3770 ||| Stepping ~*~*~tactically~*~*~ (stealth).
  3872 | D:4      | Found a runed translucent door.
  3873 | D:4      | Noticed Crazy Yiuf
  4126 | D:4      | Reached skill level 8 in Shields
  4140 | D:4      | 4140 ||| FLEEEEING.
  4141 | D:4      | 4141 ||| FLEEEEING.
  4145 | D:4      | 4145 ||| FLEEEEING.
  4169 | D:4      | HP: 10/41 [something (2)]
  4169 | D:4      | Killed from afar by an orc priest

Levels and vault maps discovered:
D:1:      wander_arrival_desolate, layout_loops_ring,
          shapermc_ecumenical_altar_gd
D:2:      minmay_roachtagon, layout_loops_cross, serial_shops,
          nicolae_shop_waterfront, chequers_avenue
D:3:      layout_basic, dk_yredelemnul_ordeal, st_stairs_8
D:4:      lemuel_castle_with_subvaults [lemuel_castle_interior_carwin_3],
          layout_gridville, nicolae_overflow_hidden_temple, uniq_duvessa,
          uniq_crazy_yiuf_cottage

Skill      XL: |  1  2  3  4  5  6  7 |
---------------+----------------------+-----
Axes           | 2 3 4 |  4.2
Shields        | 4 5 7 8 |  8.0
Fighting       | |  3.2
Armour         | |  3.2

Action                   |  1- 3 |  4- 6 |  7- 9 || total
-------------------------+-------+-------+-------++-------
Melee: War axe           |   104 |   171 |    71 ||   346
  Use: Scroll            |     5 |     2 |       ||     7
       Potion            |     1 |     3 |     1 ||     5
Armor: Scale mail        |    66 |    54 |       ||   120
       Plate armour      |       |    36 |    58 ||    94
Dodge: Dodged            |    58 |    31 |    11 ||   100
Block: Buckler           |    21 |       |       ||    21
       Tower shield      |     5 |   124 |    47 ||   176

Table legend:
 A = Non-vault XP
 B = Vault XP
 C = Vault XP percentage of total XP
 D = Non-vault monster count
 E = Vault monster count
 F = Vault count percentage of total count
                 A         B        C        D         E       F
            +---------+---------+-------+---------+---------+-------
      Total |     572 |     323 |  36.1 |      85 |      30 |  26.1
            +---------+---------+-------+---------+---------+-------
        D:1 |      45 |       0 |   0.0 |      25 |       0 |   0.0
        D:2 |     145 |      20 |  12.1 |      27 |      10 |  27.0
        D:3 |     138 |       5 |   3.5 |      19 |       4 |  17.4
        D:4 |     244 |     298 |  55.0 |      14 |      16 |  53.3
            +---------+---------+-------+---------+---------+-------
